Map: Backwater LE

Players

iGXY (XY) - Winner!

  • Race: Terran Terran
  • Spawn Location: 5:00

Lambo

  • Race: Zerg Zerg
  • Spawn Location: 11:00

Event: WCS Leipzig 2018

VOD

Have the link to the VOD?

Description

Time

  • Played on: Jan. 26, 2018, 12:36 p.m.
  • Length: 14:45

All games in this series

Show
View Real Time Build Order
Export as new Build Order

iGXY Terran - Winner!

Build Orders: Bio Tank 

Get SALT Encoding   

  12  0:00  SCV  
  13  0:12  SCV  
  14  0:17  Supply Depot  
  14  0:24  SCV  
  15  0:38  SCV  
  15  0:39  Barracks  
  16  0:43  Refinery  
  16  0:50  SCV  
  17  1:02  SCV  
  18  1:14  SCV  
  20  1:25  Reaper  
  20  1:26  Orbital Command  
  20  1:39  Command Center  
  20  1:48  Supply Depot  
  20  1:52  SCV  
  21  1:57  Marine  
  22  2:04  SCV  
  23  2:12  Factory  
  23  2:16  SCV  
  23  2:20  Barracks Reactor  
  24  2:28  SCV  
  25  2:40  SCV, Command Center  
  26  2:51  Orbital Command  
  26  2:52  SCV  
  27  3:01  Hellion x2  
  27  3:05  SCV  
  32  3:06  Barracks Tech Lab  
  32  3:17  SCV x2  
  34  3:25  Marine  
  34  3:26  Stimpack  
  35  3:28  Barracks  
  35  3:29  SCV x2  
  35  3:33  Barracks  
  35  3:34  Factory Reactor  
  37  3:41  SCV x2  
  39  3:43  Marine  
  39  3:47  Supply Depot  
  39  3:53  SCV x2  
  39  3:54  Orbital Command  
  41  4:00  Refinery  
  41  4:01  Refinery  
  41  4:02  Marine  
  42  4:05  SCV x2  
  44  4:17  SCV x2  
  44  4:18  Starport, Engineering Bay  
  44  4:19  Marine  
  44  4:21  Factory Reactor  
  44  4:22  SCV  
  48  4:26  Engineering Bay  
  48  4:29  SCV x2, Marine x2  
  50  4:34  SCV  
  50  4:41  SCV  
  50  4:42  Marine x2  
  54  4:47  SCV, Marine x2  
  54  4:49  SCV  
  54  4:50  Supply Depot  
  54  4:52  Terran Infantry Weapons Level 1  
  58  4:53  SCV  
  58  4:54  Terran Infantry Armor Level 1  
  58  5:00  SCV  
  58  5:01  Marine x3  
  58  5:05  SCV, Medivac  
  65  5:08  Marine x2  
  65  5:12  SCV x2, Supply Depot  
  65  5:13  Medivac  
  71  5:19  SCV, Marine  
  71  5:20  Refinery, Factory Tech Lab  
  73  5:24  SCV x2  
  75  5:29  Supply Depot  
  75  5:30  Combat Shields  
  75  5:31  SCV  
  75  5:34  Marine  
  77  5:35  Supply Depot  
  77  5:36  SCV  
  77  5:37  SCV  
  77  5:40  Marine  
  77  5:42  Marine  
  81  5:43  SCV  
  81  5:45  Marine x2  
  81  5:48  SCV  
  85  5:50  SCV  
  85  5:52  Armory  
  86  6:00  SCV  
  86  6:03  Supply Depot  
  87  6:04  Barracks x2  
  87  6:07  Supply Depot  
  87  6:09  Supply Depot  
  87  6:10  SCV x2, Supply Depot  
  87  6:12  SCV, Marine  
  87  6:15  Marine x2, Siege Tank  
  87  6:16  Marine  
  95  6:22  SCV x2  
  95  6:24  SCV  
  95  6:25  Medivac x2  
  103  6:30  Marine  
  103  6:32  Refinery  
  104  6:33  Refinery, Marine x2  
  104  6:34  SCV x2, Marine  
  106  6:49  Siege Tank  
  109  6:54  Marine  
  109  6:55  Marine x2  
  109  6:56  Terran Infantry Weapons Level 2, Terran Infantry Armor Level 2  
  109  7:00  SCV  
  109  7:01  Marine  
  115  7:09  Marine  
  115  7:12  Marine x2  
  115  7:13  Marine  
  118  7:16  Barracks Reactor x2  
  118  7:19  Marine  
  118  7:20  Command Center  
  118  7:21  Barracks x3, Siege Tank  
  122  7:27  Marine  
  123  7:30  Marine x2, Factory  
  123  7:31  Terran Vehicle And Ship Armor Level 1, Marine  
  123  7:34  Medivac  
  123  7:36  Marine  
  128  7:42  SCV x3  
  132  7:45  Marine  
  132  7:47  Supply Depot  
  132  7:48  Supply Depot  
  132  7:51  Supply Depot  
  133  7:56  Supply Depot  
  133  8:09  Marine x8, Siege Tank  
  144  8:14  Marine x2  
  144  8:22  Marine  
  144  8:26  Factory Tech Lab, Marine  
  141  8:31  Marine  
  141  8:33  Barracks Tech Lab x2  
  141  8:34  Barracks Tech Lab  
  141  8:46  Marine x2  
  141  8:48  Siege Tank x2  
  146  8:49  Marine x2  
  146  8:50  Marine  
  146  8:51  Marine x2  
  146  8:52  Marine  
  146  8:53  Medivac x2, Marine x2  
  159  8:58  Marine x2  
  153  9:04  Marine x2  
  153  9:06  Marine  
  153  9:07  Marine  
  153  9:08  Marine  
  153  9:09  Marine x3  
  153  9:11  Marine x2  
  153  9:15  Marine  
  153  9:16  Terran Infantry Weapons Level 3, Terran Infantry Armor Level 3, Marine  
  149  9:20  Siege Tank  
  149  9:21  Siege Tank  
  149  9:22  Marine x2  
  147  9:24  Marine  
  147  9:25  Marine  
  147  9:26  Marine  
  147  9:27  Marine x3  
  147  9:29  Marauder  
  147  9:30  Marauder  
  145  9:33  Marine  
  145  9:34  Marauder  
  146  9:40  Marine x2  
  146  9:42  Marine  
  146  9:43  Marine  
  146  9:44  Marine  
  146  9:45  Marine x3  
  150  9:50  Marine x2  
  150  9:52  Marauder, Siege Tank  
  137  9:53  Siege Tank  
  137  9:54  Medivac x2  
  137  9:55  Marauder  
  137  9:56  Planetary Fortress  
  137  9:57  Marine  
  137  9:58  Marine  
  148  10:00  Marine x2  
  148  10:02  Marine  
  148  10:03  Marine x3  
  154  10:08  Marine x2  
  154  10:13  Marine  
  157  10:15  Marine x2  
  157  10:16  Marine  
  157  10:18  Marine x2  
  157  10:19  Marine  
  157  10:20  Marine x2  
  157  10:21  Marine  
  168  10:24  Medivac x2, Siege Tank  
  168  10:25  Supply Depot, Siege Tank  
  168  10:26  Supply Depot, Marauder  
  168  10:27  Supply Depot, Marauder  
  180  10:42  Marauder x2  
  174  10:48  Command Center, Marauder  
  174  10:49  Marauder  
  178  10:51  Marine x3  
  178  10:52  Marine x4  
  185  11:03  Marauder x2  
  189  11:05  Marine  
  189  11:07  Siege Tank  
  189  11:09  Medivac, Marine x3, Marauder  
  200  11:21  Marine x2, Marauder  
  200  11:25  Marauder, Marine x3  
  196  11:27  Refinery  
  196  11:28  Ghost Academy  
  196  11:31  Marine  
  196  11:32  Marine x2, Marauder x2  
  162  11:34  Siege Tank  
  162  11:38  Marine x2  
  162  11:39  Medivac x2  
  158  11:42  Marauder, Marine  
  158  11:43  Marine  
  158  11:46  Marine  
  165  11:49  Marine  
  165  11:53  Marauder  
  168  11:54  Liberator x2  
  168  12:00  Marine x5  
  171  12:03  Marine  
  171  12:04  Marauder  
  170  12:09  Siege Tank x2  
  182  12:18  Marauder x2  
  182  12:19  Marine, Marauder  
  182  12:20  Marine x2  
  191  12:24  Planetary Fortress  
  191  12:29  Marine  
  194  12:38  Liberator  
  194  12:39  Marine x2  
  194  12:44  Siege Tank  
  194  12:52  Marine  
  194  12:53  Marine, Marauder  
  194  12:55  Marine x2, Marauder x2  
  191  13:03  Marine x2  
  166  13:11  Marine  
  167  13:15  Marine x3  
  167  13:19  Marine x2  
  173  13:20  Marine  
  173  13:21  Ghost x4  
  173  13:23  Medivac  
  175  13:46  Marine x3  
  178  13:49  Ghost  
  178  13:50  Ghost x3  
  178  13:53  Refinery  
  170  13:56  Missile Turret  
  170  13:58  Marine x2  
  172  14:03  Marine x3  
  172  14:04  Marine x3  
  178  14:16  Marine x2  
  180  14:19  Marauder x2  
  180  14:21  Marine x5  
  180  14:22  Marine  
Show
View Real Time Build Order
Export as new Build Order

Lambo Zerg 

Build Orders: Hatch First 

Get SALT Encoding   

  12  0:00  Drone  
  13  0:12  Overlord  
  13  0:16  Drone  
  14  0:30  Drone x2  
  14  0:33  Drone  
  17  0:51  Hatchery  
  17  0:54  Drone  
  17  0:57  Drone  
  18  1:08  Extractor  
  17  1:12  Spawning Pool  
  17  1:15  Drone  
  17  1:18  Drone  
  18  1:27  Drone  
  19  1:42  Overlord  
  19  1:50  Drone  
  20  1:59  Queen  
  22  2:02  Zergling x2, Queen  
  22  2:03  Zergling x2  
  22  2:07  Metabolic Boost  
  26  2:10  Drone  
  26  2:13  Drone  
  28  2:23  Drone  
  28  2:25  Drone  
  30  2:34  Drone  
  31  2:39  Hatchery  
  31  2:43  Queen  
  32  2:47  Overlord  
  32  2:52  Drone  
  32  2:57  Drone  
  34  3:01  Zergling x4  
  36  3:06  Drone  
  36  3:09  Drone  
  36  3:11  Drone x3  
  41  3:13  Drone x2  
  41  3:16  Drone  
  44  3:29  Evolution Chamber  
  44  3:30  Drone  
  44  3:43  Overlord  
  44  3:45  Overlord  
  44  3:50  Queen x2  
  44  3:51  Queen  
  50  4:01  Overlord  
  50  4:02  Drone  
  51  4:03  Drone x7  
  51  4:08  Zergling x6  
  61  4:13  Drone x3  
  64  4:18  Zerg Ground Armor Level 1  
  64  4:20  Drone  
  65  4:24  Drone  
  65  4:27  Drone x2  
  65  4:28  Drone x2  
  70  4:36  Drone x2  
  70  4:40  Evolution Chamber  
  70  4:41  Drone  
  70  4:43  Extractor  
  70  4:45  Drone  
  68  4:47  Drone, Lair  
  68  4:50  Drone  
  70  4:58  Drone x2  
  72  5:00  Drone  
  72  5:01  Hatchery  
  72  5:06  Extractor  
  71  5:07  Extractor x2  
  71  5:08  Extractor, Overlord  
  71  5:10  Drone x5  
  71  5:12  Drone  
  74  5:16  Overlord  
  74  5:19  Zerg Melee Weapons Level 1  
  74  5:22  Overlord  
  74  5:26  Drone x6  
  80  5:29  Baneling Nest  
  80  5:31  Drone  
  80  5:33  Drone  
  81  5:38  Drone  
  81  5:40  Drone x5  
  81  5:41  Drone, Queen  
  90  5:47  Zergling x6  
  90  5:48  Zergling x2  
  94  5:53  Zergling x2  
  95  5:58  Overlord  
  94  6:06  Overlord  
  94  6:11  Centrifical Hooks, Overlord  
  92  6:13  Queen  
  92  6:14  Zerg Ground Armor Level 2  
  92  6:15  Baneling x7  
  94  6:19  Zergling x18  
  94  6:20  Overlord, Spore Crawler x2  
  94  6:21  Drone  
  94  6:24  Queen  
  104  6:26  Zergling x4  
  104  6:31  Zergling x6  
  107  6:40  Zergling x4  
  107  6:42  Zergling x6  
  107  6:43  Overlord  
  109  6:54  Drone x3  
  109  6:55  Zergling x14  
  109  6:57  Baneling x3  
  119  7:01  Hydralisk Den  
  119  7:03  Zergling x2, Infestation Pit  
  119  7:04  Zergling x2  
  119  7:05  Zergling x4  
  119  7:06  Zergling x2  
  120  7:08  Zergling x4  
  117  7:16  Drone x3  
  117  7:18  Drone x3  
  117  7:20  Zerg Melee Weapons Level 2  
  123  7:27  Drone x4  
  123  7:28  Drone  
  128  7:32  Drone  
  128  7:34  Hydralisk Den, Infestation Pit  
  127  7:38  Zergling x8  
  127  7:39  Baneling x2  
  127  7:40  Baneling x2  
  130  7:45  Zergling x8  
  130  7:49  Zergling x2  
  135  7:52  Overlord  
  135  7:53  Overlord  
  135  7:55  Overlord x2  
  135  7:57  Overlord  
  135  7:59  Overlord  
  135  8:01  Overlord  
  135  8:02  Overlord  
  135  8:03  Overlord  
  135  8:05  Overlord  
  134  8:07  Muscular Augments  
  134  8:08  Overlord  
  134  8:09  Overlord  
  134  8:11  Hive  
  134  8:12  Hydralisk x2  
  136  8:16  Hydralisk x2  
  142  8:21  Hydralisk x3  
  142  8:26  Hydralisk x2  
  142  8:27  Hydralisk  
  146  8:29  Drone x2  
  146  8:30  Drone  
  146  8:31  Drone x2  
  157  8:43  Hatchery, Hydralisk x4  
  157  8:48  Baneling x8  
  164  8:50  Zerg Missile Weapons Level 1  
  163  8:55  Hydralisk x2  
  163  8:56  Hydralisk  
  163  9:00  Baneling x10  
  165  9:05  Overlord  
  164  9:10  Zergling x18  
  164  9:13  Baneling x6  
  164  9:17  Zergling x10  
  164  9:21  Zergling x2  
  156  9:32  Zergling x2, Ultralisk Cavern  
  156  9:33  Zergling x14  
  156  9:35  Zergling x6  
  166  9:39  Baneling x7  
  166  9:40  Zergling x4  
  164  9:51  Zergling x12  
  143  9:54  Viper  
  144  10:01  Extractor  
  144  10:02  Extractor  
  144  10:03  Drone x5  
  144  10:04  Drone x2  
  149  10:10  Queen  
  149  10:12  Spore Crawler  
  149  10:13  Spine Crawler, Viper  
  152  10:16  Zergling x16  
  160  10:24  Chitinous Plating  
  160  10:28  Zergling x2  
  160  10:29  Zergling x16  
  160  10:31  Overlord  
  169  10:37  Zerg Ground Armor Level 3  
  169  10:38  Zergling x8  
  173  10:43  Zergling x10  
  178  10:51  Zergling x2  
  178  10:52  Zergling x10  
  178  10:56  Baneling x13  
  178  10:57  Baneling x2  
  184  10:58  Zergling x2  
  185  11:10  Zergling x4  
  186  11:16  Zergling x4  
  180  11:19  Zergling x18  
  180  11:22  Overlord  
  183  11:30  Zergling x20  
  156  11:48  Hatchery  
  156  11:49  Viper x2  
  161  11:54  Ultralisk  
  162  12:10  Ultralisk  
  162  12:11  Baneling x3  
  168  12:16  Adrenal Glands  
  168  12:17  Hatchery  
  168  12:20  Overseer  
  167  12:25  Overlord  
  167  12:26  Ultralisk  
  167  12:29  Baneling x5  
  173  12:30  Zergling x2  
  173  12:36  Zergling x16  
  182  12:39  Baneling x7  
  182  12:42  Zergling x6  
  183  12:47  Zergling x10  
  188  12:55  Zergling x8  
  168  12:59  Zergling x6  
  166  13:07  Ultralisk  
  167  13:16  Zergling x16  
  175  13:28  Hatchery  
  174  13:39  Ultralisk Cavern  
  174  13:40  Baneling, Hydralisk Den  
  174  13:41  Baneling x13  
  172  13:44  Zergling x4  
  172  13:47  Baneling x4  
  174  13:53  Zergling x8  
  174  13:54  Zergling x2  
  174  14:05  Zergling x18  
  174  14:07  Baneling x3  
  181  14:12  Zergling x8  
  181  14:16  Zergling x6  
  185  14:21  Zergling x2  
Tags
 
Add a new tag
Caveats
  • Supply blocks, unpowered buildings, or Contaminate may cause inaccurate times.
  • Supply counts are checked every 10 seconds.